 Dungeon Crawl Stone Soup version 0.27-a0-404-g4390dbc5be (webtiles) character file.

Game seed: 9656926159959992814

95 CryoSword the Grave Robber (level 4, -5/32 HPs)
             Began as a Gnoll Wanderer on Feb 22, 2021.
             Slain by a gnoll
             ... wielding a +0 spear
              (10 damage)
             ... on level 2 of the Dungeon.
             The game lasted 00:03:02 (2050 turns).

CryoSword the Grave Robber (Gnoll Wanderer)         Turns: 2050, Time: 00:03:03

Health: -5/32      AC:  2    Str: 13    XL:     4   Next: 66%
Magic:  11/11      EV: 12    Int: 11    God:
Gold:   67         SH:  0    Dex: 11    Spells: 13/13 levels left

rFire    . . .     SeeInvis .   b - +0 mace
rCold    . . .     Faith    .   (no shield)
rNeg     . . .     Spirit   .   e - +0 robe
rPois    .         Reflect  .   (no helmet)
rElec    .         Harm     .   (no cloak)
rCorr    .         Rampage  .   (no gloves)
Will     .....                  (no boots)
Stlth    ++........             (no amulet)
HPRegen  0.10/turn              (no ring)
MPRegen  0.12/turn              (no ring)

@: no status effects
A: distributed training, fangs 1, strong nose
a: no special abilities


You were on level 2 of the Dungeon.
You visited 1 branch of the dungeon, and saw 2 of its levels.

You collected 67 gold pieces.

Inventory:

Hand Weapons
 a - a +2 hand crossbow
 b - a +0 mace (weapon)
Missiles
 c - 33 bolts
Armour
 e - a +0 robe (worn)
Scrolls
 d - a scroll of teleportation {@r4}
 f - 2 scrolls of identify {unknown}
 l - a scroll of enchant weapon {unknown}
 m - a scroll of enchant armour {unknown}
 n - a scroll of fear {unknown}
 p - a scroll of magic mapping {unknown}
Potions
 g - a potion of lignification {unknown}
 h - a potion of might {unknown}
 i - a potion of heal wounds {@q2}
 j - a potion of flight {unknown}
 k - a potion of curing {unknown}
 o - a potion of attraction {unknown}


   Skills:
 + Level 1.2 Fighting
 + Level 1.2 Short Blades
 + Level 1.2 Long Blades
 + Level 1.2 Axes
 + Level 1.2 Maces & Flails
 + Level 1.2 Polearms
 + Level 1.2 Staves
 + Level 1.2 Slings
 + Level 1.2 Bows
 + Level 4.6 Crossbows
 + Level 1.2 Throwing
 + Level 2.8 Armour
 + Level 1.2 Dodging
 + Level 2.6 Stealth
 + Level 2.8 Shields
 + Level 1.2 Unarmed Combat
 + Level 5.1 Spellcasting
 + Level 1.0 Conjurations
 + Level 1.0 Hexes
 + Level 1.0 Summonings
 + Level 5.5 Necromancy
 + Level 1.0 Translocations
 + Level 1.0 Transmutations
 + Level 1.0 Fire Magic
 + Level 1.0 Ice Magic
 + Level 1.0 Air Magic
 + Level 1.0 Earth Magic
 + Level 1.0 Poison Magic
 + Level 1.3 Invocations
 + Level 1.2 Evocations


You had 13 spell levels left.
You didn't know any spells.
Your spell library was empty.

Dungeon Overview and Level Annotations

Branches:
Dungeon (2/15)

Altars:


Innate Abilities, Weirdness & Mutations

Your experience applies equally to all skills.
You have very sharp teeth.
Your uncanny sense of smell can sniff out nearby items.


Message History

c - 42 bolts (gained 1)
A leopard gecko comes into view.
The leopard gecko hisses angrily.
A leopard gecko is nearby!
A leopard gecko is nearby!
You shoot a bolt.
The bolt closely misses the leopard gecko.
You shoot a bolt.
The bolt hits the leopard gecko but does no damage.
You shoot a bolt.
The bolt closely misses the leopard gecko.
You shoot a bolt. The bolt hits the leopard gecko.
The leopard gecko closely misses you. The leopard gecko barely misses you.
b - a +0 mace (weapon)
You barely miss the leopard gecko. The leopard gecko closely misses you.
The leopard gecko barely misses you.
You hit the leopard gecko but do no damage.
The leopard gecko bites you. The leopard gecko closely misses you.
You miss the leopard gecko.
The leopard gecko bites you but does no damage.
You hit the leopard gecko but do no damage.
The leopard gecko bites you.
The leopard gecko bites you but does no damage.
You hit the leopard gecko.
You kill the leopard gecko!
No target in view!
A kobold comes into view.
A kobold is nearby!
A kobold is nearby!
a - a +2 hand crossbow (weapon)
The kobold shouts!
Fire: 38 bolts
Aim: a kobold, quivering stones (58% to hit)
You shoot a bolt. The bolt hits the kobold.
You kill the kobold!
Fire: 37 bolts Really target yourself?
Okay, then.
c - 38 bolts (gained 1)
c - 39 bolts (gained 1)
Found a stone staircase leading down.
c - 40 bolts (gained 1);
o - a murky black potion
Things that are here:
4 stones; a kobold corpse
c - 41 bolts (gained 1)
c - 42 bolts (gained 1)
p - a scroll labelled SENIDASOYWK A giant cockroach comes into view.
A giant cockroach is nearby!
A giant cockroach is nearby!
A giant cockroach is nearby!
You shoot a bolt. The bolt hits the giant cockroach.
You kill the giant cockroach!
No target in view!
b - a +0 mace (weapon)
c - 42 bolts (gained 1)
An adder comes into view.
The adder hisses angrily.
Found a stone staircase leading up.
An adder is nearby!
An adder is nearby!
a - a +2 hand crossbow (weapon)
You shoot a bolt. The bolt hits the adder.
You shoot a bolt. The bolt hits the adder!
You kill the adder!
No target in view!
No target in view!
c - 41 bolts (gained 1) 2 gnolls come into view.
There are monsters nearby!
There are monsters nearby!
You shoot a bolt.
The bolt hits the gnoll but does no damage.
The gnoll shouts! x2
A gnoll comes into view. It is wielding a +0 halberd.
A hobgoblin comes into view. It is wielding a +0 club.
You shoot a bolt. The gnoll shouts!
The hobgoblin shouts!
The bolt hits the gnoll!
You kill the gnoll!
You shoot a bolt. The bolt barely misses the gnoll.
You shoot a bolt. The bolt hits the gnoll.
The gnoll hits you but does no damage.
You shoot a bolt. The bolt hits the gnoll.
The gnoll hits you with a +0 whip!
You shoot a bolt. The bolt hits the gnoll.
You kill the gnoll!
Your Conjurations skill increases to level 1!
Your Hexes skill increases to level 1!
Your Summonings skill increases to level 1!
Your Translocations skill increases to level 1!
Your Transmutations skill increases to level 1!
Your Fire Magic skill increases to level 1!
Your Ice Magic skill increases to level 1!
Your Air Magic skill increases to level 1!
Your Earth Magic skill increases to level 1!
Your Poison Magic skill increases to level 1!
You shoot a bolt. The bolt hits the hobgoblin!
You kill the hobgoblin!
The gnoll hits you but does no damage.
You shoot a bolt. The bolt barely misses the gnoll.
The gnoll hits you from afar with a +0 spear!
The gnoll misses you.
You are too injured to fight recklessly!
You are too injured to fight recklessly!
You are too injured to fight recklessly!
You are too injured to fight recklessly!
b - a +0 mace (weapon)
The gnoll throws a throwing net.
The throwing net hits you.
You become entangled in the net!
You see here a throwing net.
You struggle against the net.
You struggle against the net.
The gnoll hits you but does no damage.
You rip the net and break free!
The gnoll barely misses you.
A worm comes into view.
A frilled lizard comes into view.
Found 8 sling bullets.
There is an open door here.
There is an open door here.
Things that are here:
a +0 short sword; 4 stones A rat comes into view.
The rat barely misses you.
You hit the rat.
You kill the rat!
The gnoll hits you from afar with a +0 spear.
You see here a rat corpse.
A rat comes into view.
Found a lead wand.
The rat twitches its whiskers.
There is a stone staircase leading up here.
The gnoll hits you from afar with a +0 spear.
You climb upwards.
There is a stone staircase leading down here.
You start resting.
You climb downwards.
There is a stone staircase leading up here.
The gnoll hits you with a +0 spear!
You hit the gnoll. You bite the gnoll. The gnoll closely misses you.
You closely miss the gnoll. The gnoll barely misses you.
You barely miss the gnoll. The gnoll hits you with a +0 spear. x2
* * * LOW HITPOINT WARNING * * *
You barely miss the gnoll. The gnoll hits you with a +0 spear!
* * * LOW HITPOINT WARNING * * *
You hit the gnoll. The gnoll hits you with a +0 spear.
* * * LOW HITPOINT WARNING * * *
The gnoll closely misses you.
There is a stone staircase leading up here.
The gnoll hits you from afar with a +0 spear!
You die...

#.## ###### #.. ..(l..
#r#
####################.# #
.............†.......#.#
.###################.#.#
.......................#
#.############.#####.###
................@.gr...#
#.#########.#..#.###.#.#
#.# #.)g..#..#.. ..#.#
#.# #(###.# #.##/.# #
#.# (( #.# #.....#
#.#... #.# #w#..## ..(..
... ..... #.#. #.# ..# #
#.#


You could see a worm, a gnoll and a rat.

Vanquished Creatures
  2 gnolls (D:2)
  2 adders (D:2)
  A dart slug (D:1)
  2 leopard geckos
  5 bats (D:1)
  5 giant cockroaches
  4 goblins (D:1)
  7 hobgoblins
  7 jackals (D:1)
  4 frilled lizards (D:1)
  8 kobolds
  5 rats
52 creatures vanquished.

Vanquished Creatures (others)
  2 fungi (D:2)
  8 plants (D:2)
10 creatures vanquished.

Grand Total: 62 creatures vanquished

Notes
Turn   | Place    | Note
-------+----------+-------------------------------------------
     0 | D:1      | CryoSword the Gnoll Wanderer began the quest for the Orb.
     0 | D:1      | CryoSword set off with the following items: a +2 hand
                  | crossbow, 28 bolts, a +0 mace, a scroll of teleportation
                  | {@r4}, a +0 robe
     0 | D:1      | Reached XP level 1. HP: 13/13 MP: 6/6
    65 | D:1      | Reached XP level 2. HP: 9/19 MP: 7/7
   611 | D:1      | Reached XP level 3. HP: 25/25 MP: 9/9
   631 | D:1      | Reached skill level 5 in Spellcasting
   929 | D:1      | Reached skill level 1 in Invocations
  1520 | D:2      | Reached skill level 1 in Fighting
  1520 | D:2      | Reached skill level 1 in Short Blades
  1520 | D:2      | Reached skill level 1 in Long Blades
  1520 | D:2      | Reached skill level 1 in Axes
  1520 | D:2      | Reached skill level 1 in Maces & Flails
  1520 | D:2      | Reached skill level 1 in Polearms
  1520 | D:2      | Reached skill level 1 in Staves
  1520 | D:2      | Reached skill level 1 in Slings
  1520 | D:2      | Reached skill level 1 in Bows
  1520 | D:2      | Reached skill level 1 in Throwing
  1520 | D:2      | Reached skill level 1 in Dodging
  1520 | D:2      | Reached skill level 1 in Unarmed Combat
  1520 | D:2      | Reached skill level 1 in Evocations
  1677 | D:2      | Reached XP level 4. HP: 32/32 MP: 11/11
  1819 | D:2      | Reached skill level 1 in Conjurations
  1819 | D:2      | Reached skill level 1 in Hexes
  1819 | D:2      | Reached skill level 1 in Summonings
  1819 | D:2      | Reached skill level 1 in Translocations
  1819 | D:2      | Reached skill level 1 in Transmutations
  1819 | D:2      | Reached skill level 1 in Fire Magic
  1819 | D:2      | Reached skill level 1 in Ice Magic
  1819 | D:2      | Reached skill level 1 in Air Magic
  1819 | D:2      | Reached skill level 1 in Earth Magic
  1819 | D:2      | Reached skill level 1 in Poison Magic
  2050 | D:2      | Slain by a gnoll

Illustrated notes

Levels and vault maps discovered:
D:1:      wander_arrival_desolate, layout_basic, minmay_unequal
D:2:      layout_basic, glass_columns_b, nicolae_ru_the_path_less_chosen

Skill      XL: |  1  2  3  4 |
---------------+-------------+-----
Spellcasting   | 5 |  5.1
Invocations    | 1 |  1.3
Fighting       | 1 |  1.2
Short Blades   | 1 |  1.2
Long Blades    | 1 |  1.2
Axes           | 1 |  1.2
Maces & Flails | 1 |  1.2
Polearms       | 1 |  1.2
Staves         | 1 |  1.2
Slings         | 1 |  1.2
Bows           | 1 |  1.2
Throwing       | 1 |  1.2
Dodging        | 1 |  1.2
Unarmed Combat | 1 |  1.2
Evocations     | 1 |  1.2
Conjurations   | 1 |  1.0
Hexes          | 1 |  1.0
Summonings     | 1 |  1.0
Translocations | 1 |  1.0
Transmutations | 1 |  1.0
Fire Magic     | 1 |  1.0
Ice Magic      | 1 |  1.0
Air Magic      | 1 |  1.0
Earth Magic    | 1 |  1.0
Poison Magic   | 1 |  1.0
Crossbows      | |  4.6
Armour         | |  2.8
Stealth        | |  2.6
Shields        | |  2.8
Necromancy     | |  5.5

Action                   |  1- 3 |  4- 6 || total
-------------------------+-------+-------++-------
Melee: Mace              |    28 |    11 ||    39
       Bite              |     4 |     1 ||     5
       Punch             |     1 |       ||     1
 Fire: Hand crossbow     |    64 |    22 ||    86
  Use: Potion            |     1 |       ||     1
 Stab: Sleeping          |     2 |       ||     2
Armor: Robe              |     9 |     4 ||    13
Dodge: Dodged            |    33 |    11 ||    44

Table legend: (Time is in decaauts)
 A = Elapsed time spent in this place.
 B = Non-inter-level travel time spent in this place.
 C = Inter-level travel time spent in this place.
 D = Time resting spent in this place.
 E = Time spent auto-exploring this place.
 F = Levels seen in this place.
 G = Mean time per level.
                   A        B        C        D        E       F      G
               +--------+--------+--------+--------+--------+-----+--------+
         Total |   2080 |   2067 |     13 |     99 |   1546 |   2 | 1040.0 |
       Dungeon |   2080 |   2067 |     13 |     99 |   1546 |   2 | 1040.0 |
               +--------+--------+--------+--------+--------+-----+--------+

Top non-repeatable levels by time:
     D:1: 1621 daAuts
     D:2: 458 daAuts
